Map: 2000 Atmospheres LE

Players

TIME (Oliveira)

  • Race: Terran Terran

Bunny - Winner!

  • Race: Terran Terran
  • League: Bronze

Event: DreamHack SC2 Masters 2021 Fall

VOD

Have the link to the VOD?

Description

Time

  • Played on: Sept. 11, 2021, 9:29 a.m.
  • Length: 11:20

All games in this series

Show
View Real Time Build Order
Export as new Build Order

TIME Terran 

Build Orders: Cyclone Opening 

Get SALT Encoding   

  12  0:00  SCV  
  13  0:12  SCV  
  14  0:17  Supply Depot  
  14  0:24  SCV  
  14  0:28  Refinery  
  15  0:38  SCV  
  16  0:43  Barracks  
  16  0:50  SCV  
  16  0:55  Refinery  
  17  1:02  SCV  
  18  1:14  SCV  
  19  1:30  Reaper, Orbital Command  
  20  1:34  Factory  
  20  1:42  Supply Depot  
  20  1:56  SCV  
  21  2:02  Reaper  
  21  2:08  SCV  
  23  2:18  Factory Tech Lab  
  23  2:22  Command Center  
  23  2:23  SCV  
  24  2:35  SCV  
  24  2:36  Cyclone  
  28  2:41  Barracks  
  28  2:44  Barracks Reactor  
  28  2:47  SCV  
  29  2:53  Supply Depot  
  29  2:59  SCV  
  28  3:11  SCV  
  28  3:12  Cyclone  
  31  3:22  Marine x2  
  31  3:23  SCV  
  34  3:33  Orbital Command  
  34  3:35  SCV  
  35  3:42  Barracks Tech Lab  
  35  3:46  Marine  
  35  3:47  Marine, Starport  
  37  3:50  SCV  
  38  3:58  Factory Reactor  
  38  3:59  SCV  
  38  4:00  Stimpack  
  40  4:02  SCV  
  40  4:04  Marine  
  40  4:07  Marine  
  40  4:08  Marine  
  43  4:11  SCV  
  43  4:14  SCV  
  45  4:22  Marine  
  45  4:23  SCV  
  45  4:24  Marine, Supply Depot  
  47  4:26  Marine  
  47  4:27  SCV  
  50  4:36  SCV  
  51  4:40  Marine  
  51  4:41  Medivac  
  51  4:44  Supply Depot  
  51  4:45  SCV, Medivac  
  57  4:46  Supply Depot  
  57  4:47  Marine x2  
  57  4:50  SCV  
  60  4:58  Marine, SCV  
  62  5:05  Marine  
  62  5:06  SCV, Siege Tank  
  67  5:09  Marine, Supply Depot  
  67  5:10  SCV  
  69  5:15  Marine  
  70  5:21  Command Center  
  70  5:23  SCV x2  
  72  5:28  Marine  
  72  5:30  Starport Reactor  
  72  5:32  Barracks  
  73  5:36  Marine  
  73  5:38  SCV  
  73  5:39  SCV  
  73  5:41  Refinery x2  
  76  5:44  Combat Shield  
  76  5:57  Marine  
  76  6:01  Marine  
  77  6:07  Marine  
  77  6:08  Siege Tank  
  77  6:09  SCV  
  72  6:15  Marine, Medivac  
  72  6:16  SCV  
  76  6:20  Marine, Medivac  
  76  6:21  SCV  
  76  6:23  Marine x2  
  76  6:25  Marine  
  73  6:28  SCV  
  73  6:32  Marine  
  73  6:35  SCV, Engineering Bay  
  73  6:36  Bunker, Orbital Command, Engineering Bay  
  73  6:38  Marine  
  76  6:41  Marine  
  76  6:42  Marine  
  76  6:43  Marine  
  79  6:50  Marine  
  79  6:53  Siege Tank  
  83  6:54  Medivac  
  83  6:56  Marine  
  83  6:58  Marine  
  83  6:59  Marine  
  83  7:01  Marine, Medivac  
  90  7:07  Supply Depot  
  91  7:08  Marine  
  91  7:14  Marine  
  88  7:16  Marine  
  88  7:17  Marine  
  88  7:21  Terran Infantry Weapons Level 1  
  87  7:23  Terran Infantry Armor Level 1, Barracks  
  87  7:24  Barracks  
  87  7:26  Marine  
  88  7:31  Marine x2  
  90  7:42  Marine x2  
  92  7:44  Siege Tank  
  92  7:45  SCV x2  
  92  7:49  Marine x2  
  96  7:51  Marine  
  93  8:00  Marine x2  
  93  8:02  SCV  
  93  8:03  Orbital Command  
  94  8:06  SCV  
  94  8:07  Marine x2  
  94  8:09  Marine  
  94  8:11  Marine  
  98  8:14  SCV  
  98  8:15  Marine  
  98  8:17  Marine, Siege Tank  
  98  8:18  Marine  
  105  8:25  Marine x2  
  101  8:27  Marine  
  101  8:29  Marine  
  101  8:32  SCV x3  
  101  8:33  Marine  
  107  8:35  Marine  
  107  8:38  Starport  
  107  8:40  Marine  
  105  8:46  Supply Depot  
  105  8:47  Supply Depot  
  105  8:48  Supply Depot  
  105  8:49  Supply Depot  
  101  9:04  Marine  
  101  9:08  Marine x3, SCV, Siege Tank  
  101  9:09  Marine, SCV  
  111  9:21  Marine, SCV x3  
  114  9:25  Marine x3  
  114  9:26  Supply Depot  
  115  9:33  Starport Reactor  
  115  9:37  Armory  
  115  9:38  Marine, Barracks  
  115  9:43  Marine x3  
  83  9:55  SCV  
  83  9:56  Marine  
  81  10:01  Marine x2  
  81  10:02  Siege Tank  
  85  10:13  Medivac x2  
  88  10:18  Marine  
  88  10:21  Marine  
  88  10:22  Marine  
  90  10:29  Marine x2  
  79  10:43  Marine  
  79  10:46  Marine  
  79  10:48  Medivac x2  
  78  10:52  SCV x2  
  80  10:57  Marine  
  80  11:02  Marine x2  
Show
View Real Time Build Order
Export as new Build Order

Bunny Terran - Winner!

Build Orders: Cyclone Opening 

Get SALT Encoding   

  12  0:00  SCV  
  13  0:12  SCV  
  14  0:17  Supply Depot  
  14  0:24  SCV  
  15  0:38  SCV  
  15  0:39  Barracks  
  15  0:42  Refinery  
  16  0:50  SCV  
  16  0:52  Refinery  
  17  1:02  SCV  
  18  1:14  SCV  
  19  1:26  Reaper, Orbital Command  
  19  1:27  Supply Depot  
  20  1:41  Factory  
  20  1:52  SCV  
  21  1:58  Reaper  
  22  2:04  SCV  
  23  2:16  SCV  
  23  2:22  Command Center  
  24  2:24  Factory Tech Lab  
  24  2:28  SCV  
  25  2:30  Barracks Reactor  
  25  2:38  Supply Depot  
  25  2:43  Cyclone  
  28  2:47  SCV  
  29  2:59  Starport  
  28  3:05  SCV  
  28  3:07  Marine x2  
  30  3:17  Cyclone  
  30  3:18  SCV  
  34  3:25  Marine x2  
  36  3:30  SCV  
  36  3:33  Supply Depot  
  37  3:37  Orbital Command  
  37  3:41  Starport Tech Lab  
  37  3:43  SCV  
  38  3:50  Marine x2  
  38  3:53  Refinery  
  38  3:55  SCV  
  41  4:00  Raven  
  43  4:03  SCV  
  43  4:07  SCV  
  43  4:08  Marine x2  
  47  4:15  SCV  
  48  4:19  SCV  
  48  4:22  Supply Depot, Siege Tank  
  52  4:26  Marine x2  
  52  4:28  SCV  
  56  4:31  SCV  
  56  4:32  Refinery  
  56  4:39  Supply Depot  
  56  4:40  SCV  
  56  4:43  SCV  
  56  4:45  Raven  
  60  4:46  Marine x2  
  60  4:52  SCV  
  63  4:53  Supply Depot  
  63  4:55  SCV  
  64  5:00  Siege Tank  
  64  5:04  Marine x2, SCV, Supply Depot  
  70  5:07  SCV  
  71  5:16  Supply Depot, SCV  
  71  5:19  SCV  
  72  5:31  SCV x2  
  72  5:32  Siege Tank  
  72  5:34  Supply Depot  
  76  5:37  Viking x2  
  76  5:38  Marine  
  76  5:39  Stimpack  
  81  5:43  SCV  
  81  5:44  SCV  
  83  5:56  Marine  
  76  6:05  Siege Tank  
  76  6:07  Viking  
  76  6:10  Viking  
  80  6:14  Marine  
  80  6:16  SCV x2  
  83  6:31  SCV  
  83  6:32  SCV, Command Center  
  85  6:36  Marine  
  85  6:38  Siege Tank  
  89  6:50  SCV x2  
  89  6:52  Viking  
  90  6:54  Marine  
  90  6:55  Supply Depot  
  90  6:56  Supply Depot  
  91  7:02  Barracks  
  91  7:03  Barracks  
  91  7:04  Viking  
  92  7:16  SCV  
  92  7:17  SCV  
  92  7:18  Siege Tank  
  92  7:19  Marine  
  98  7:27  Viking  
  100  7:31  SCV x2  
  102  7:41  Viking  
  104  7:47  SCV x2  
  104  7:50  Siege Tank  
  111  7:53  Barracks Reactor x2  
  109  8:02  Marine  
  109  8:04  SCV  
  109  8:05  SCV  
  112  8:06  Orbital Command  
  112  8:09  Viking  
  114  8:14  Viking  
  116  8:21  Marine, Engineering Bay  
  116  8:26  Supply Depot  
  117  8:30  Marine x3, Orbital Command  
  117  8:31  Marine  
  121  8:37  Siege Tank  
  124  8:44  Liberator  
  124  8:46  Combat Shield  
  127  8:54  Medivac  
  127  8:55  Supply Depot  
  129  9:03  Marine x5  
  129  9:09  Siege Tank  
  135  9:16  Terran Infantry Weapons Level 1  
  135  9:21  Marine x2  
  137  9:28  Medivac x2  
  140  9:40  Marine x5  
  140  9:45  Siege Tank  
  148  9:51  Orbital Command  
  128  9:57  Marine  
  128  9:58  Marine x4, Medivac  
  121  10:01  SCV x2  
  121  10:03  Engineering Bay  
  123  10:10  Medivac  
  124  10:17  Siege Tank  
  127  10:23  Sensor Tower  
  127  10:27  Marine x3  
  127  10:28  Marine  
  130  10:34  Marine  
  126  10:44  Marine  
  126  10:47  Marine x3  
  120  10:51  Marine  

Tags
 
Add a new tag
Caveats
  • Supply blocks, unpowered buildings, or Contaminate may cause inaccurate times.
  • Supply counts are checked every 10 seconds.